 Dungeon Crawl Stone Soup version 0.31-a0-1101-g9ad1905 (webtiles) character file.

Game seed: 9846532246780747269

1980354 Kearsarge the Slayer (level 27, 321/321 HPs)
             Began as a Demonspawn Artificer on Dec 1, 2023.
             Was an Initiate of Gozag.
             Escaped with the Orb
             ... and 3 runes on Dec 2, 2023!
             The game lasted 01:59:26 (51132 turns).

Kearsarge the Slayer (Demonspawn Artificer)        Turns: 51132, Time: 01:59:27

Health: 321/321    AC: 38    Str: 30    XL:     27
Magic:  23/23      EV:  6    Int: 21    God:    Gozag
Gold:   1005       SH: 18    Dex:  9    Spells: 26/26 levels left

rFire   + +          +
                       - Unarmed
rCold   + + +        y - +5 kite shield {reflect}
rNeg    + . .        M - +8 gold dragon scales
rPois   +            b - +2 helmet {SInv}
rElec   +            E - scarf {rC+ rF+}
rCorr   +            (gloves unavailable)
SInv    +            t - +0 pair of boots "Tikaciqu" {rC++ rCorr}
Will    ++...        C - amulet of regeneration Stlth
                     G - ring "Giesiv" {rElec rCorr Str+6 Int+7 Dex-5}
HPRegen 1.53/turn    A - ring of positive energy
MPRegen 0.18/turn

%: reflection
@: studying Shields
A: claws 3, molten scales 3, foul stench 3, powered by pain 3, robust 3,
screaming 1
0: Orb of Zot
}: 3/15 runes: decaying, serpentine, silver
a: Renounce Religion, Potion Petition, Call Merchant, Bribe Branch


You escaped.
You worshipped Gozag.
Gozag was most pleased with you.
You visited 9 branches of the dungeon, and saw 47 of its levels.
You visited 1 ziggurat, and saw 7 of its levels.
You also visited: Sewer and Gauntlet.

You collected 24599 gold pieces.
You spent 4646 gold pieces at shops.
You paid 18948 gold pieces to Gozag.

Inventory:

Missiles
 a - a throwing net
Armour
 b - a +2 helmet of see invisible (worn)
 t - the +0 pair of boots "Tikaciqu" (worn) {rC++ rCorr}
   (You found it on level 3 of the Depths)

   rC++:      It greatly protects you from cold.
   rCorr:     It protects you from acid and corrosion.
 y - a +5 kite shield of reflection (worn)
 E - a scarf of resistance (worn)
 J - the +4 swamp dragon scales of the Beggar {rPois rN+ Will+ Dex+2}
   (You bought it in a shop on level 11 of the Dungeon)

   Dex+2:     It affects your dexterity (+2).
   rPois:     It protects you from poison rN+: It protects you from negative
   energy.
   Will+:     It increases your willpower.
 M - +8 gold dragon scales (worn)
 R - the +7 crystal plate armour of the Wild Haggis {Int+2 Slay+5}
   (You acquired it on level 3 of the Elven Halls)

   Int+2:     It affects your intelligence (+2).
   Slay+5:    It affects your accuracy & damage with ranged weapons and melee
   (+5).
Jewellery
 A - a ring of positive energy (right claw)
 C - an amulet of regeneration (around neck)
 G - the ring "Giesiv" (left claw) {rElec rCorr Str+6 Int+7 Dex-5}
   (You bought it in a shop on level 3 of the Snake Pit)

   [ring of strength]

   Str+6:     It affects your strength (+6).
   Int+7:     It affects your intelligence (+7).
   Dex-5:     It affects your dexterity (-5).
   rElec:     It insulates you from electricity.
   rCorr:     It protects you from acid and corrosion.
 K - the ring of Sunlight {rElec rF+}
   (You found it on level 1 of the Vaults)

   [ring of protection from fire]

   rF+:       It protects you from fire.
   rElec:     It insulates you from electricity.
 U - a ring of willpower
Wands
 d - a wand of charming (49)
 f - a wand of digging (1)
 i - a wand of iceblast (59)
 L - a wand of acid (3)
 W - a wand of polymorph (16)
Scrolls
 e - 8 scrolls of teleportation
 g - 5 scrolls of fear
 j - a scroll of poison
 o - 2 scrolls of enchant armour
 p - 5 scrolls of blinking
 q - a scroll of silence
 s - 13 scrolls of vulnerability
 w - 4 scrolls of fog
 x - 12 scrolls of amnesia
 B - 5 scrolls of immolation
 F - 5 scrolls of noise
 N - 2 scrolls of revelation
 T - a scroll of butterflies
 Y - 4 scrolls of enchant weapon
 Z - 7 scrolls of torment
Potions
 c - 11 potions of enlightenment
 h - 4 potions of resistance
 k - 4 potions of might
 l - a potion of invisibility
 m - 5 potions of attraction
 n - 8 potions of curing
 r - 5 potions of magic
 u - 3 potions of cancellation
 v - 3 potions of lignification
 z - 14 potions of mutation
 D - 9 potions of ambrosia
 H - 3 potions of haste
 I - 2 potions of heal wounds
 V - 2 potions of berserk rage
Miscellaneous
 O - a condenser vane
 P - a phial of floods
 Q - a sack of spiders
 S - a lightning rod (4/4)
 X - a phantom mirror


   Skills:
 - Level 26.9 Fighting
 + Level 16.6 Armour
 - Level 0.8 Dodging
 - Level 0.8 Stealth
 - Level 17.0 Shields
 - Level 24.2 Unarmed Combat
 - Level 3.0 Evocations


You had 26 spell levels left.
You didn't know any spells.
Your spell library contained the following spells:

 Spells                   Type           Power      Damage    Failure   Level
 Apportation              Tloc           0%         N/A       97%         1
 Foxfire                  Conj/Fire      0%         2x1d4     97%         1
 Kiss of Death            Conj/Necr      0%         2d5       97%         1
 Magic Dart               Conj           0%         1d3       97%         1
 Sandblast                Erth           0%         2d4       97%         1
 Shock                    Conj/Air       0%         1d3       97%         1
 Slow                     Hex            0%         N/A       97%         1
 Sting                    Tmut/Pois      0%         1d3       97%         1
 Blink                    Tloc           0%         N/A       99%         2
 Call Imp                 Summ           0%         N/A       99%         2
 Cigotuvi's Dreadful Rot  Necr/Pois/Air  0%         N/A       99%         2
 Ensorcelled Hibernation  Hex/Ice        0%         N/A       99%         2
 Jinxbite                 Hex            0%         N/A       99%         2
 Passwall                 Tmut/Erth      0%         N/A       99%         2
 Static Discharge         Conj/Air       0%         3-3/arc   99%         2
 Sublimation of Blood     Necr           0%         N/A       99%         2
 Wereblood                Tmut           0%         N/A       99%         2
 Call Canine Familiar     Summ           0%         N/A       100%        3
 Confusing Touch          Hex            0%         N/A       100%        3
 Dazzling Flash           Conj/Hex       0%         N/A       100%        3
 Gell's Gravitas          Tloc           0%         N/A       100%        3
 Ignite Poison            Fire/Tmut/Pois 0%         N/A       100%        3
 Inner Flame              Hex/Fire       0%         N/A       100%        3
 Mephitic Cloud           Conj/Pois/Air  0%         N/A       100%        3
 Sigil of Binding         Hex            0%         N/A       100%        3
 Stone Arrow              Conj/Erth      0%         3d7       100%        3
 Summon Guardian Golem    Hex/Summ       0%         N/A       100%        3
 Swiftness                Air            0%         N/A       100%        3
 Teleport Other           Tloc           0%         N/A       100%        3
 Tukima's Dance           Hex            0%         N/A       100%        3
 Vampiric Draining        Necr           0%         2d6       100%        3
 Volatile Blastmotes      Fire/Tloc      0%         2d10      100%        3
 Airstrike                Air            0%         2d(0-16)  100%        4
 Animate Armour           Summ/Erth      0%         N/A       100%        4
 Brom's Barrelling Bould  Conj/Erth      0%         2d3       100%        4
 Dimensional Bullseye     Hex/Tloc       0%         N/A       100%        4
 Dispel Undead            Necr           0%         3d6       100%        4
 Flame Wave               Conj/Fire      0%         2d4       100%        4
 Iskenderun's Mystic Bla  Conj/Tloc      0%         2d3       100%        4
 Leda's Liquefaction      Hex/Erth       0%         N/A       100%        4
 Olgreb's Toxic Radiance  Pois           0%         N/A       100%        4
 Petrify                  Tmut/Erth      0%         N/A       100%        4
 Sticky Flame             Conj/Fire      0%         2d3       100%        4
 Summon Ice Beast         Ice/Summ       0%         N/A       100%        4
 Vhi's Electric Charge    Tloc/Air       0%         N/A       100%        4
 Alistair's Intoxication  Tmut/Pois      0%         N/A       100%        5
 Arcjolt                  Conj/Air       0%         1d10      100%        5
 Borgnjor's Vile Clutch   Necr/Erth      0%         N/A       100%        5
 Freezing Cloud           Conj/Ice/Air   0%         6-21      100%        5
 Irradiate                Conj/Tmut      0%         3d11      100%        5
 Iskenderun's Battlesphe  Conj           0%         2d6       100%        5
 Lee's Rapid Deconstruct  Erth           0%         3d4*      100%        5
 Metabolic Englaciation   Hex/Ice        0%         N/A       100%        5
 Summon Forest            Summ/Tloc      0%         N/A       100%        5
 Summon Mana Viper        Hex/Summ       0%         N/A       100%        5
 Yara's Violent Unravell  Hex/Tmut       0%         3d3       100%        5
 Bombard                  Conj/Erth      0%         9d1       100%        6
 Death Channel            Necr           0%         N/A       100%        6
 Eringya's Noxious Bog    Tmut/Pois      0%         4d6       100%        6
 Plasma Beam              Fire/Air       0%         2x1d10    100%        6
 Starburst                Conj/Fire      0%         6d3       100%        6
 Enfeeble                 Hex            0%         N/A       100%        7
 Haunt                    Necr/Summ      0%         N/A       100%        7
 Monstrous Menagerie      Summ           0%         N/A       100%        7
 Orb of Destruction       Conj           0%         9d5       100%        7
 Ozocubu's Refrigeration  Ice            0%         4d7       100%        7
 Spellforged Servitor     Conj/Summ      0%         N/A       100%        7
 Summon Hydra             Summ           0%         N/A       100%        7
 Borgnjor's Revivificati  Necr           0%         N/A       100%        8
 Discord                  Hex            0%         N/A       100%        8
 Ignition                 Fire           0%         3d3       100%        8
 Lehudib's Crystal Spear  Conj/Erth      0%         10d2      100%        8
 Maxwell's Capacitive Co  Air            0%         ∞         100%        8
 Animate Dead             Necr           Unusable   N/A       N/A         4
 Simulacrum               Ice/Necr       Unusable   N/A       N/A         6

Dungeon Overview and Level Annotations

Branches:
Dungeon (15/15)            Temple (0/1) D:4            Lair (5/5) D:11
  Swamp (4/4) Lair:2        Snake (4/4) Lair:3        Slime (0/5) Lair:5
    Orc (2/2) D:12            Elf (3/3) Orc:2        Vaults (5/5) D:14
  Crypt (0/3) Vaults:3     Depths (4/4) D:15            Zot (5/5) Depths:4
  Sewer (visited)         Gauntlet (visited)

Altars:
Cheibriados
Gozag
Kikubaaqudgha
Makhleb
Uskayaw
Vehumet
Xom
Yredelemnul
Jiyva

Shops:
D:4 :   D:9 :   D:11 [   D:13 =   Orc:2 **[?   Elf:2 ::   Lair:3 [=   Snake:1 :
Snake:3 =*   Snake:4 [   Vaults:1 *   Vaults:2 [*   Vaults:4 :

Portals:
Hell: Depths:1 Depths:2 Depths:3 Depths:4
Abyss: Depths:1 Depths:3 Depths:4
Pandemonium: Depths:2 Depths:3

Annotations:
D:4 2 transporters, sol123's ghost, amateur DrSh
D:6 2 transporters, GentlemanToast's ghost, amateur FeSh
Lair:5 exclusion: 4 oklob plants
Swamp:3 1 runed translucent door, Ciocha's ghost, journeyman TeWn
Snake:2 1 runed translucent door, 1 transporter, Zebuhay's ghost, adept DgSh
Snake:4 Aizul
Elf:2 3 runed translucent doors
Depths:1 2 runed translucent doors, Tiaserch's ghost, veteran HOFi


Innate Abilities, Weirdness & Mutations

You have claws for hands.
You are completely covered in molten scales. (AC +4, rF+)
You frequently emit foul miasma when damaged in melee.
You are powered by pain.
You are extremely robust. (+30% HP)
You occasionally shout uncontrollably at your foes.


Message History

The sphere of damnation explodes!
The damnation engulfs you!!
There is a stone staircase leading up here.
You climb upwards.
There is a stone staircase leading down here.
What level of the Dungeon? (default 1, ? - help)
There is a stone staircase leading up here.
HP restored.
You climb upwards.
Level annotation: 2 transporters, GentlemanToast's ghost, amateur FeSh
There is a stone staircase leading down here.
There is a stone staircase leading up here.
You climb upwards.
There is a stone staircase leading down here.
There is a stone staircase leading up here.
You climb upwards.
Level annotation: 2 transporters, sol123's ghost, amateur DrSh
There is a stone staircase leading down here.
Things that are here:
a +0 robe; a +0 dagger
There is a stone staircase leading up, spattered with blood here.
You climb upwards.
There is a stone staircase leading down here.
There is a stone staircase leading up here.
You climb upwards.
There is a stone staircase leading down here.
There is a stone staircase leading up here.
You climb upwards.
There is a stone staircase leading down here.
As you read the scroll of teleportation, it crumbles to dust.
You feel strangely unstable.
You feel the Orb delaying your translocation!
You start waiting.
Your surroundings suddenly seem different.
Blink to where?
Press: ? - help, Q - select action, (/) - cycle Dir - move target
As you read the scroll of blinking, it crumbles to dust.
Blink to where?
Press: ? - help, Q - select action, (/) - cycle Dir - move target
As you read the scroll of blinking, it crumbles to dust.
You have escaped!

......................##.........
...............>......#......⌠...
.................................
.........................#.8...8.
.........................##.....#
......########...........###...##
........# ##########..........
........# ### #..........
........# ######@######..........
........###...........#..........
##........#+####'####§#).........
##......#........# #.)..§.......
##......########## ####.........
##......# #......... ##......#
#......... ##......# ##'######'
##......# #.# #.


There were no monsters in sight!

Vanquished Creatures
  A dread lich (Zig:6)
  2 orbs of fire (Zot:5)
  A juggernaut (Depths:3)
  Josephina (Depths:4)
  A curse toe (Zot:4)
  Frederick (Vaults:3)
  Saint Roka (Orc:2)
  Vashnia (Snake:3)
  4 golden dragons
  A caustic shrike (Depths:2)
  A bone dragon (Swamp:4)
  A Tzitzimitl (Depths:4)
  2 electric golems (Zot:5)
  A Hell Sentinel (Zot:1)
  Zenata (Vaults:1)
  5 tentacled monstrosities
  A lich (Depths:2)
  4 quicksilver dragons
  3 titans (Vaults:5)
  Asterion (Elf:1)
  3 Orb Guardians
  A walking divine tome (Depths:2)
  2 deep elf master archers
  2 deep elf blademasters (Elf:2)
  4 sphinxes
  A pandemonium lord (Zig:2)
  The ghost of Vumaybb the Brawler, an adept TrDe of Okawaru (Swamp:4)
  6 storm dragons
  3 ancient champions
  A death cob (Zot:3)
  3 thorn hunters (Swamp:4)
  5 draconian monks (Depths:4)
  5 shadow dragons
  Donald (Swamp:2)
  5 tengu reavers
  7 fire giants
  A revenant (Zig:6)
  A daeva (Zig:5)
  A demonspawn warmonger (Depths:4)
  6 nagarajas (Snake:4)
  6 deep elf sorcerers
  11 frost giants
  Louise (Swamp:1)
  2 draconian scorchers
  An iron dragon (Depths:2)
  4 deep elf elementalists (Elf:3)
  15 ironbound preservers
  14 vault wardens
  A quicksilver elemental (Zig:3)
  An orc warlord (Orc:2)
  5 draconian annihilators
  A juggernaut zombie (Zig:7)
  A demonspawn corrupter (Depths:4)
  A draconian stormcaller (Depths:4)
  2 ghouls (Swamp:2)
  A spriggan defender (Depths:2)
  11 stone giants
  A cacodemon (Zot:4)
  9 ironbound thunderhulks
  14 very ugly things
  3 vampire knights
  A demonspawn blood saint (D:15)
  10 green draconians
  7 deep elf demonologists
  3 eleionomae
  3 yellow draconians
  6 black draconians
  A minotaur (Gauntlet)
  8 deep elf annihilators
  5 purple draconians (Depths:4)
  5 red draconians (Depths:4)
  9 white draconians
  11 spark wasps
  2 blizzard demons
  6 bunyips
  14 dire elephants
  An iron golem (Zig:3)
  Snorg (D:14)
  8 deep elf death magi
  2 mummy priests (Zig:7)
  A crystal guardian (Vaults:4)
  4 jiangshi
  An entropy weaver (Vaults:3)
  6 fire dragons
  10 ettins
  10 yaktaur captains
  3 deep elf high priests
  A shambling mangrove (Swamp:2)
  3 great orbs of eyes
  2 peacekeepers (Vaults:4)
  2 hell beasts
  6 ice dragons
  5 spriggan air magi
  12 hydras
  26 vault guards
  3 catoblepae
  A caustic shrike simulacrum (Depths:4)
  A sphinx zombie (Zig:7)
  7 alligators
  13 ironbound frosthearts
  7 anacondas
  6 two-headed ogres
  4 ogre magi
  13 centaur warriors
  4 deep troll earth magi
  3 boulder beetles
  5 tengu warriors
  2 death knights
  6 deep troll shamans
  4 occultists
  A death scarab (Zig:7)
  A demonic crawler (Zig:2)
  4 death yaks (Lair:5)
  5 spriggan berserkers
  8 naga warriors
  3 vampire magi
  14 dancing weapons
  15 naga sharpshooters
  3 shock serpents
  2 soul eaters
  6 orc high priests
  Nergalle (D:12)
  A crystal echidna (Zig:3)
  10 deep elf knights
  A hell knight (D:15)
  A shock serpent (shapeshifter) (Vaults:2)
  A sun demon (Depths:1)
  2 skysharks (shapeshifter)
  A golden dragon zombie (Zig:7)
  A salamander mystic (Snake:2)
  7 iron trolls
  A skyshark (Lair:3)
  5 goliath frogs
  5 spriggan druids
  5 skeletal warriors (D:14)
  A death drake (Depths:4)
  A sea snake (Lair:3)
  A shadow demon (Depths:4)
  4 flayed ghosts
  3 glowing orange brains
  3 spectral hydras (Swamp:4)
  45 deep trolls
  8 bog bodies
  3 orange crystal statues
  6 swamp dragons
  6 arcanists
  3 naga ritualists
  A cherub (Zig:5)
  10 lindwurms
  Pikel (D:5)
  4 obsidian statues
  7 deep elf archers
  2 lindwurms (shapeshifter) (Vaults:2)
  19 deep elf zephyrmancers
  5 necromancers
  4 alligator zombies (Swamp:4)
  14 ironbound convokers
  10 phantasmal warriors
  A tengu zombie (Vaults:4)
  9 orc knights
  3 sphinx simulacra (D:15)
  19 deep elf pyromancers
  4 harpies (Vaults:4)
  A harpy (shapeshifter) (Elf:2)
  An oklob plant (Lair:5)
  52 ugly things
  10 mana vipers
  2 manticores
  6 orc sorcerers
  A cyclops (shapeshifter) (Vaults:5)
  5 cyclopes
  5 will-o-the-wisps
  3 salamanders
  5 kobold blastminers (Orc:2)
  Maurice (D:8)
  5 moths of wrath
  A frost giant skeleton (Vaults:4)
  27 black mambas
  4 elephants (Lair:5)
  2 gargoyles (D:11)
  10 naga magi
  An ice statue (Zig:2)
  10 vault sentinels
  A smoke demon (Zot:4)
  A torpor snail (Lair:5)
  An unseen horror (shapeshifter) (Vaults:2)
  3 guardian serpents
  A rust devil (Depths:4)
  2 storm dragon simulacra (Depths:4)
  6 cane toads
  A hellion (Depths:3)
  4 rime drakes
  Jeremiah (D:8)
  An unseen horror (D:13)
  An ice devil (Depths:4)
  A freezing wraith (Vaults:5)
  Maggie (D:8)
  2 swamp worm zombies (Swamp:4)
  34 yaktaurs
  A golden dragon simulacrum (Depths:4)
  6 komodo dragons
  A tengu conjurer (D:14)
  A queen bee (Lair:1)
  A troll (shapeshifter) (D:15)
  A bloated husk (Swamp:4)
  2 polar bears (Lair:5)
  4 hydra zombies (Swamp:4)
  5 trolls
  5 hellwings
  12 hornets
  7 tyrant leeches
  A tyrant leech (shapeshifter) (Vaults:2)
  5 blink frogs (Lair:1)
  A shadow dragon simulacrum (Depths:4)
  A raiju (Gauntlet)
  A glass eye (Depths:3)
  3 spectral swamp dragons (Swamp:4)
  6 dream sheep (Lair:5)
  30 slime creatures
  3 centaur simulacra (D:15)
  A spriggan zombie (D:15)
  3 fire dragon skeletons (D:15)
  A shadow (D:12)
  3 air elementals
  6 wyverns
  7 water elementals
  5 wraiths
  11 spriggans
  2 ushabtiu (Zig:7)
  A basilisk (shapeshifter) (D:15)
  40 yaks
  A golden eye (shapeshifter) (Vaults:5)
  2 basilisks
  16 humans (D:14)
  21 vampire mosquitoes
  2 steam dragons (Gauntlet)
  A hog (shapeshifter) (Vaults:5)
  Edmund (D:5)
  A neqoxec (Depths:4)
  8 wargs
  14 swamp worms
  2 wargs (shapeshifter)
  Menkaure (D:5)
  27 nagas
  2 acid dragons (D:10)
  A hell hound (Gauntlet)
  15 water moccasins
  55 orc warriors
  A swamp drake (Swamp:2)
  A black bear (shapeshifter) (Vaults:5)
  3 sky beasts
  3 swamp dragon zombies (Swamp:4)
  An ice beast (D:8)
  2 black bears
  An ice beast (shapeshifter) (Vaults:2)
  20 wolves
  A boggart (Vaults:2)
  13 ogres
  7 centaurs
  6 phantoms
  2 kobold brigands
  10 bullfrogs
  A necrophage (Swamp:2)
  A gnoll sergeant (D:10)
  3 scorpions
  An ogre simulacrum (Vaults:4)
  3 earth elementals
  A small abomination (Zot:4)
  6 wights (D:7)
  32 killer bees
  A howler monkey (D:4)
  10 electric eels
  A lava snake (Lair:5)
  A jelly (D:5)
  30 orc priests
  3 iguanas
  6 sleepcaps
  29 orc wizards
  2 spectral swamp drakes (Swamp:4)
  9 hell rats
  6 mummies (Zig:7)
  5 gnolls
  4 adders
  An adder (shapeshifter) (Vaults:2)
  14 river rats
  A shadow imp (D:6)
  A white imp (D:7)
  2 ufetubi (D:5)
  3 worms
  A dart slug (D:5)
  An orc (shapeshifter) (Vaults:5)
  107 orcs
  3 ball pythons
  10 endoplasms
  7 giant cockroaches
  A goblin (shapeshifter) (Depths:2)
  13 goblins
  4 hobgoblins
  3 jackals (D:1)
  16 kobolds
  A quokka (D:5)
  7 frilled lizards
  12 rats
1767 creatures vanquished.

Vanquished Creatures (collateral kills)
  2 dread liches (Zot:5)
  An orb of fire (Zot:5)
  3 ancient liches (Zot:5)
  Parghit (Depths:4)
  3 Killer Klowns (Zot:5)
  A tentacled monstrosity (Zot:5)
  A lich (Vaults:5)
  18 Orb Guardians (Zot:5)
  2 quicksilver dragons (Zot:5)
  A sphinx (Vaults:5)
  A tengu reaver (Vaults:5)
  2 draconian monks (Zot:5)
  2 storm dragons
  2 draconian knights (Zot:5)
  A draconian stormcaller (Zot:5)
  A stone giant (Vaults:5)
  A black draconian (Zot:5)
  A yellow draconian (Zot:5)
  3 red draconians (Zot:5)
  2 white draconians (Zot:5)
  An ettin (Vaults:5)
  2 vault guards (Vaults:5)
  A naga warrior (Snake:2)
  A dancing weapon (Elf:3)
  A boulder beetle (D:14)
  A naga sharpshooter (Snake:2)
  2 hell knights
  A bog body (Swamp:1)
  2 moths of wrath (Zot:5)
  A black mamba (Snake:2)
  2 wraiths (D:14)
  A basilisk (Lair:5)
  An orc warrior (Vaults:5)
  An orc priest (D:5)
  A gnoll (D:2)
  A ball python (D:2)
  A quokka (shapeshifter) (Vaults:5)
70 creatures vanquished.

Vanquished Creatures (others)
  An orb of fire (Zot:5)
  2 golden dragons (Vaults:5)
  2 Orb Guardians (Zot:5)
  A lich (Vaults:5)
  3 tentacled monstrosities
  6 titans (Vaults:5)
  A sphinx (Vaults:5)
  3 tengu reavers (Vaults:5)
  A fire giant (Vaults:5)
  3 frost giants (Vaults:5)
  5 vault wardens (Vaults:5)
  2 draconian scorchers (Zot:5)
  A draconian stormcaller (Zot:5)
  A stone giant (Vaults:5)
  3 ironbound preservers (Vaults:5)
  A draconian annihilator (Zot:5)
  A war gargoyle (Vaults:5)
  A deep elf demonologist (Vaults:5)
  2 purple draconians (Zot:5)
  A red draconian (Zot:5)
  A deep elf death mage (Vaults:5)
  2 ettins (Vaults:5)
  A yaktaur captain (Vaults:5)
  7 vault guards (Vaults:5)
  A deep elf knight (Elf:1)
  3 deep trolls (Vaults:5)
  An orc knight (Vaults:5)
  2 phantasmal warriors
  A vault sentinel (Vaults:5)
  2 freezing wraiths (Vaults:5)
  A hornet (Swamp:4)
  4 bloated husks
  A spriggan (Swamp:4)
  2 yaks (D:10)
  A vampire mosquito (Swamp:4)
  A swamp worm (Swamp:2)
  A killer bee (D:9)
  A lava snake (Lair:5)
  An orc (shapeshifter) (Vaults:5)
  4 orcs
  32 foxfires
111 creatures vanquished.

Grand Total: 1948 creatures vanquished

Notes
Turn   | Place    | Note
-------+----------+-------------------------------------------
     0 | D:1      | Kearsarge the Demonspawn Artificer began the quest for the
                  | Orb.
     0 | D:1      | Reached XP level 1. HP: 15/15 MP: 1/1
    84 | D:1      | Reached skill level 1 in Unarmed Combat
   238 | D:1      | Gained mutation: You are partially covered in molten
                  | scales. (AC +2) [demonic ancestry]
   238 | D:1      | Reached XP level 2. HP: 11/21 MP: 2/2
   771 | D:2      | Reached XP level 3. HP: 26/26 MP: 3/3
  1074 | D:2      | Reached XP level 4. HP: 19/32 MP: 4/4
  1565 | D:3      | Reached XP level 5. HP: 34/37 MP: 5/5
  2144 | D:4      | Noticed a wyvern
  2149 | D:4      | Reached skill level 5 in Unarmed Combat
  2154 | D:4      | Killed a wyvern
  2155 | D:4      | Reached skill level 2 in Fighting
  2155 | D:4      | Gained mutation: You sometimes gain a little power by
                  | taking damage. [demonic ancestry]
  2155 | D:4      | Reached XP level 6. HP: 44/44 MP: 6/6
  2155 | D:4      | Found a transporter.
  2182 | D:4      | Identified the +1 ring mail of the Devil's Team {Slay+2}
  2239 | D:4      | Found an opulent altar of Gozag.
  2251 | D:4      | Became a worshipper of Gozag Ym Sagoz the Greedy
  2280 | D:4      | Found a staircase to the Ecumenical Temple.
  2282 | D:4      | Found a transporter.
  2283 | D:4      | Noticed sol123's ghost (amateur DrSh)
  2320 | D:4      | Found Eczih's Book Emporium.
  2535 | D:5      | Entered Level 5 of the Dungeon
  2626 | D:5      | Gained mutation: You have sharp fingernails. [demonic
                  | ancestry]
  2626 | D:5      | Reached XP level 7. HP: 44/51 MP: 7/7
  2671 | D:5      | Found a basalt altar of Yredelemnul.
  2684 | D:5      | Reached skill level 3 in Fighting
  2748 | D:5      | Found a glowing drain.
  2777 | Sewer    | Entered a sewer
  3041 | D:5      | Noticed Edmund
  3053 | D:5      | Killed Edmund
  3054 | D:5      | Reached skill level 4 in Fighting
  3057 | D:5      | Gained mutation: You are mostly covered in molten scales.
                  | (AC +3) [demonic ancestry]
  3057 | D:5      | Reached XP level 8. HP: 27/60 MP: 8/8
  3192 | D:5      | Noticed Menkaure
  3197 | D:5      | Killed Menkaure
  3224 | D:5      | Noticed Pikel
  3232 | D:5      | Killed Pikel
  3233 | D:5      | Reached skill level 5 in Fighting
  3985 | D:6      | Reached skill level 6 in Fighting
  3985 | D:6      | Gained mutation: You are completely covered in molten
                  | scales. (AC +4, rF+) [demonic ancestry]
  3985 | D:6      | Reached XP level 9. HP: 67/69 MP: 9/9
  4090 | D:6      | Noticed GentlemanToast's ghost (amateur FeSh)
  4110 | D:6      | Found a transporter.
  4254 | D:6      | Found a snail-covered altar of Cheibriados.
  4401 | D:6      | Found a transporter.
  5165 | D:7      | Reached skill level 10 in Unarmed Combat
  5462 | D:8      | Noticed Maurice
  5476 | D:8      | Killed Maurice
  5477 | D:8      | Reached skill level 7 in Fighting
  5526 | D:8      | Noticed Jeremiah
  5532 | D:8      | Killed Jeremiah
  5605 | D:8      | Reached XP level 10. HP: 52/80 MP: 10/10
  5621 | D:8      | Reached skill level 8 in Fighting
  5739 | D:8      | Noticed Maggie
  5747 | D:8      | Killed Maggie
  5938 | D:8      | Found a shimmering altar of Xom.
  6707 | D:9      | Found Wehoisoq's Tremendous Tomes.
  6756 | D:10     | Entered Level 10 of the Dungeon
  7252 | D:10     | Got the Octavo of Chilling Reformation
  7329 | D:10     | Noticed a two-headed ogre
  7334 | D:10     | Killed a two-headed ogre
  7335 | D:10     | Reached skill level 9 in Fighting
  7336 | D:10     | Identified the +0 leather armour "Liereusu" {Rampage +Inv
                  | rF- Slay-5}
  7751 | D:11     | Noticed a purple ugly thing
  7763 | D:11     | Killed a purple ugly thing
  7886 | D:11     | You fall into a shaft and drop 3 floors!
  7902 | D:14     | Noticed a death knight
  7923 | D:14     | Found a hide-covered altar of Uskayaw.
  7923 | D:14     | Noticed Snorg
  7924 | D:14     | Noticed a centaur warrior
  7951 | D:13     | Noticed a centaur warrior
  7958 | D:13     | Killed a centaur warrior
  7959 | D:13     | Gained mutation: You may rarely emit foul miasma when
                  | damaged in melee. [demonic ancestry]
  7959 | D:13     | Reached XP level 11. HP: 68/89 MP: 11/11
  8138 | D:12     | Found a staircase to the Orcish Mines.
  8176 | D:12     | Noticed a red ugly thing
  8202 | D:12     | Killed a red ugly thing
  8403 | D:12     | Noticed a two-headed ogre
  8410 | D:12     | Killed a two-headed ogre
  8411 | D:12     | Reached skill level 10 in Fighting
  8743 | D:11     | Noticed a boulder beetle
  9001 | D:11     | Killed a boulder beetle
  9120 | D:11     | Found a staircase to the Lair.
  9219 | D:11     | Noticed a boulder beetle
  9233 | D:11     | Killed a boulder beetle
  9356 | D:11     | Found a burning altar of Makhleb.
  9356 | D:11     | Noticed a blizzard demon
  9834 | D:12     | Reached skill level 11 in Fighting
 10065 | D:12     | Noticed a deep elf pyromancer
 10074 | D:12     | Killed a deep elf pyromancer
 10075 | D:12     | Gained mutation: You have very sharp fingernails. [demonic
                  | ancestry]
 10075 | D:12     | Reached XP level 12. HP: 81/100 MP: 12/12
 10220 | D:12     | Noticed a two-headed ogre
 10229 | D:12     | Killed a two-headed ogre
 10351 | D:12     | Reached skill level 15 in Unarmed Combat
 10495 | D:11     | Bought the +4 swamp dragon scales of the Beggar {rPois rN+
                  | Will+ Dex+2} for 1274 gold pieces
 10581 | Orc:1    | Entered Level 1 of the Orcish Mines
 10581 | Orc:1    | Noticed Nergalle
 10581 | Orc:1    | Found a shimmering altar of Xom.
 10589 | D:12     | Killed Nergalle
 10594 | Orc:1    | Noticed an ettin
 10619 | Orc:1    | Killed an ettin
 10844 | Orc:2    | Entered Level 2 of the Orcish Mines
 10901 | Orc:2    | Noticed a two-headed ogre
 10911 | Orc:2    | Killed a two-headed ogre
 11058 | Orc:2    | Noticed a two-headed ogre
 11061 | Orc:2    | Killed a two-headed ogre
 11263 | Orc:2    | Reached skill level 12 in Fighting
 11327 | Orc:2    | Found a staircase to the Elven Halls.
 11426 | Orc:2    | Identified the +0 leather armour "Ugrexky" {Rampage rF+
                  | Stlth+}
 11578 | Orc:2    | Noticed an orc warlord
 11604 | Orc:2    | Killed an orc warlord
 11633 | Orc:2    | Noticed Saint Roka
 11804 | Orc:1    | Noticed an orc high priest
 11804 | Orc:1    | Noticed a two-headed ogre
 11815 | Orc:2    | Killed a two-headed ogre
 11959 | Orc:1    | Killed an orc high priest
 11960 | Orc:1    | Reached XP level 13. HP: 108/109 MP: 13/13
 12200 | Orc:2    | Paralysed by an orc sorcerer for 2 turns
 12204 | Orc:2    | Reached skill level 1 in Shields
 12414 | Orc:2    | Killed Saint Roka
 12567 | Orc:2    | Reached skill level 5 in Shields
 12764 | Orc:2    | Found Bemavalia's Magic Scroll Emporium.
 12784 | Orc:2    | Bought a scroll of teleportation for 39 gold pieces
 12784 | Orc:2    | Bought a scroll of teleportation for 39 gold pieces
 12784 | Orc:2    | Bought a scroll of identify for 26 gold pieces
 12784 | Orc:2    | Bought a scroll of identify for 26 gold pieces
 12784 | Orc:2    | Bought a scroll of teleportation for 39 gold pieces
 12784 | Orc:2    | Bought a scroll of poison for 52 gold pieces
 12784 | Orc:2    | Bought a scroll of fog for 52 gold pieces
 12784 | Orc:2    | Bought a scroll of fog for 52 gold pieces
 12805 | Orc:2    | Found Cecu Joigg's Antique Armour Shop.
 13104 | Orc:2    | Paralysed by an ogre mage for 3 turns
 13304 | Orc:2    | Found Syul Ottaska's General Store.
 13359 | Orc:2    | Bought a scroll of revelation for 105 gold pieces
 13366 | Orc:2    | Found Jiadumm's Assorted Antiques.
 13397 | Orc:2    | Bought a scroll of blinking for 180 gold pieces
 13397 | Orc:2    | Bought a blackened glass ring for 120 gold pieces
 13398 | Orc:2    | Bought a scroll of immolation for 96 gold pieces
 13398 | Orc:2    | Bought a steaming ring mail for 216 gold pieces
 13398 | Orc:2    | Identified the +2 ring mail of Grace {rF+ rCorr Str+3} (You
                  | bought it in a shop on level 2 of the Orcish Mines)
 13593 | Lair:1   | Entered Level 1 of the Lair of Beasts
 13699 | Lair:1   | Found a gate leading to a gauntlet.
 13720 | Gauntlet | Entered a Gauntlet
 13720 | Gauntlet | Found a transporter.
 13720 | Gauntlet | Found a transporter.
 13741 | Gauntlet | Found a transporter.
 13742 | Gauntlet | Found a transporter.
 13753 | Gauntlet | Found a transporter.
 13754 | Gauntlet | Found a transporter.
 13771 | Gauntlet | Found a transporter.
 13779 | Gauntlet | Found a transporter.
 13793 | Gauntlet | Found a transporter.
 13797 | Gauntlet | Found a transporter.
 13805 | Gauntlet | Found a transporter.
 13809 | Gauntlet | Found a transporter.
 13879 | Gauntlet | Got Sif Muna's Tractate on Accomplices
 13985 | Gauntlet | Identified the +4 mace "Syupemab" {distort, +Blink rElec}
 13985 | Gauntlet | Noticed a minotaur
 13992 | Gauntlet | Killed a minotaur
 14015 | Gauntlet | Got the Secrets of Non-Euclidean Excavation
 14511 | Lair:1   | Reached XP level 14. HP: 116/116 MP: 14/14
 14713 | Lair:2   | Reached skill level 10 in Shields
 14731 | Lair:2   | Found a staircase to the Swamp.
 15132 | Lair:2   | You fall into a shaft and drop 2 floors!
 15457 | Lair:2   | Found an opulent altar of Gozag.
 16950 | Lair:5   | Entered Level 5 of the Lair of Beasts
 18436 | Lair:5   | Found a staircase to the Slime Pits.
 18436 | Lair:5   | Found a viscous altar of Jiyva.
 18627 | D:13     | Bought a ring of protection from cold for 250 gold pieces
 18900 | D:13     | Reached XP level 15. HP: 102/122 MP: 15/15
 19375 | D:14     | Found a gate to the Vaults.
 19425 | D:14     | Reached skill level 15 in Shields
 19606 | D:14     | Killed Snorg
 20451 | D:15     | Entered Level 15 of the Dungeon
 21244 | D:15     | Reached skill level 13 in Fighting
 21299 | D:15     | Noticed a frost giant
 21327 | D:15     | Killed a frost giant
 21328 | D:15     | Reached XP level 16. HP: 74/131 MP: 16/16
 21453 | D:15     | Found a staircase to the Depths.
 21478 | D:15     | Got Xebba's Lectures on Left-Handed Rites
 21480 | D:15     | Got Goewk's Folio of Cryomancy
 21484 | D:15     | Got the Encyclopedia of Cinders
 22304 | Depths:1 | Entered Level 1 of the Depths
 22305 | Depths:1 | Noticed a storm dragon
 22343 | Depths:1 | Noticed a sphinx
 22953 | Lair:3   | Found a staircase to the Snake Pit.
 22971 | Snake:1  | Entered Level 1 of the Snake Pit
 23347 | Snake:1  | Reached skill level 14 in Fighting
 24101 | Snake:1  | Found Roiriment's Book Emporium.
 24244 | Snake:2  | Found a runed translucent door.
 24244 | Snake:2  | Found a shimmering altar of Xom.
 24244 | Snake:2  | Noticed Zebuhay's ghost (adept DgSh)
 24675 | Snake:2  | Found a burning altar of Makhleb.
 24823 | Snake:2  | Reached skill level 5 in Armour
 25003 | Snake:2  | Found a radiant altar of Vehumet.
 25006 | Snake:2  | Found a transporter.
 25193 | Snake:3  | Found Wotizaopt's Jewellery Emporium.
 25224 | Snake:3  | Found a shimmering altar of Xom.
 25475 | Snake:3  | Noticed Vashnia
 25487 | Snake:3  | Killed Vashnia
 25569 | Snake:3  | Bought the ring "Giesiv" {rElec rCorr Str+6 Int+7 Dex-5}
                  | for 1076 gold pieces
 25787 | Snake:4  | Entered Level 4 of the Snake Pit
 25834 | Snake:4  | Identified the serpent talisman of Classification {rPois
                  | Dex+2 Stlth+}
 25834 | Snake:4  | Noticed Aizul
 25943 | Snake:4  | Noticed a quicksilver dragon
 25944 | Snake:4  | HP: 1/134 [nagaraja/+0 spear (18)]
 25959 | Snake:4  | Got a serpentine rune of Zot
 26097 | Snake:4  | Gained mutation: You sometimes gain power by taking damage.
                  | [demonic ancestry]
 26097 | Snake:4  | Reached XP level 17. HP: 121/140 MP: 17/17
 26266 | Snake:4  | Killed a quicksilver dragon
 26581 | Snake:4  | Found Paelye's Antique Armour Boutique.
 26586 | Snake:4  | Bought a fine cloak for 332 gold pieces
 26586 | Snake:4  | Identified the +0 cloak "Rerown" {+Inv Str+2 Dex-4} (You
                  | bought it in a shop on level 4 of the Snake Pit)
 26738 | Snake:4  | Identified the +1 robe "Eveixuw" {-Tele Harm Slay+2}
 26764 | Snake:4  | Reached skill level 15 in Fighting
 27214 | Elf:1    | Entered Level 1 of the Elven Halls
 27414 | Elf:1    | Noticed Asterion
 27430 | Elf:1    | Killed Asterion
 27661 | Elf:1    | Paralysed by an air elemental for 1 turns
 28113 | Elf:1    | Reached skill level 16 in Fighting
 28425 | Elf:2    | Found Vuxeiker's Self-Published Books.
 28654 | Elf:2    | Paralysed by an air elemental for 1 turns
 28812 | Elf:2    | Found Kuisom's Book Emporium.
 28946 | Elf:2    | Found a runed translucent gate.
 28946 | Elf:2    | Found a runed translucent gate.
 28948 | Elf:2    | Found a runed translucent gate.
 29003 | Elf:3    | Entered Level 3 of the Elven Halls
 29203 | Elf:3    | Noticed a deep elf blademaster
 29203 | Elf:3    | Noticed a deep elf blademaster
 29242 | Elf:2    | Killed a deep elf blademaster
 29243 | Elf:2    | Gained mutation: You have claws for hands. [demonic
                  | ancestry]
 29243 | Elf:2    | Reached XP level 18. HP: 101/153 MP: 18/18
 29509 | Elf:3    | Noticed a Hell Sentinel
 29887 | Elf:3    | Reached skill level 17 in Fighting
 30036 | Elf:2    | Found an ancient bone altar of Kikubaaqudgha.
 30348 | Elf:3    | Identified the +0 leather armour of Panky {Int+3 Dex+2}
 30366 | Elf:3    | Identified the +3 falchion of Quick Death {flame, Str+3
                  | Int+3}
 30588 | Elf:3    | Identified a scroll of acquirement
 30627 | Elf:3    | Identified the staff "Jeanon" {rPois rF+ Int+3 Dex+5 Fire}
 30628 | Elf:3    | Identified the +2 sling of Teocvirr {elec, Dex+3}
 30817 | Elf:3    | Acquired the +7 crystal plate armour of the Wild Haggis
                  | {Int+2 Slay+5}
 31113 | Swamp:1  | Entered Level 1 of the Swamp
 31749 | Swamp:1  | Noticed Louise
 31760 | Swamp:1  | Killed Louise
 32165 | Swamp:2  | Reached skill level 18 in Fighting
 32512 | Swamp:2  | Noticed Donald
 32531 | Swamp:2  | Killed Donald
 33346 | Swamp:3  | Found a runed translucent door.
 33346 | Swamp:3  | Noticed Ciocha's ghost (journeyman TeWn)
 33527 | Swamp:4  | Entered Level 4 of the Swamp
 33675 | Swamp:4  | Gained mutation: You sometimes emit foul miasma when
                  | damaged in melee. [demonic ancestry]
 33675 | Swamp:4  | Reached XP level 19. HP: 164/164 MP: 19/19
 34015 | Swamp:4  | Noticed a bone dragon
 34052 | Swamp:4  | Killed a bone dragon
 34111 | Swamp:4  | Got a decaying rune of Zot
 34414 | Swamp:4  | Identified the +10 great mace "Etwihoyl" {speed, rPois rC+
                  | rN+ Dex-5}
 34565 | Swamp:4  | Found a runed translucent door.
 34567 | Swamp:4  | Noticed Vumaybb's ghost (adept TrDe)
 34570 | Swamp:4  | Identified the +6 spear "Beetleslayer" {spect, +Blink rF+
                  | rC+ Str-5}
 34608 | Swamp:4  | Killed Vumaybb's ghost
 34685 | Swamp:4  | Identified the staff of Gluttony {rElec rPois Str+5 Poison}
 34931 | Vaults:1 | Entered Level 1 of the Vaults
 34934 | Vaults:1 | Bought a scarf of resistance for 576 gold pieces
 34971 | Vaults:1 | Reached skill level 19 in Fighting
 35045 | Vaults:1 | Noticed Zenata
 35063 | Vaults:1 | Killed Zenata
 36297 | Vaults:1 | Identified the ring of Sunlight {rElec rF+}
 36790 | Vaults:2 | Found Gen Exec's Assorted Antiques.
 36798 | Vaults:2 | Bought a potion of might for 96 gold pieces
 37099 | Vaults:2 | Found Fapoef's Armour Emporium.
 37277 | Vaults:2 | Reached skill level 20 in Fighting
 37774 | Vaults:2 | Gained mutation: You are powered by pain. [demonic
                  | ancestry]
 37774 | Vaults:2 | Reached XP level 20. HP: 167/176 MP: 20/20
 38253 | Vaults:3 | Noticed Frederick
 38263 | Vaults:3 | Killed Frederick
 38918 | Vaults:3 | Got Voatamme's Discursus on the Toxic Gestalt
 39325 | Vaults:3 | Found a staircase to the Crypt.
 39769 | Vaults:4 | Reached skill level 21 in Fighting
 39985 | Vaults:4 | Paralysed by an ogre mage for 3 turns
 40884 | Vaults:4 | Identified the +5 battleaxe of the Conjuring Gods {distort,
                  | Will- Dex+6 Stlth-}
 41115 | Vaults:4 | Found Laoditapp's Book Shop.
 41656 | Vaults:5 | Entered Level 5 of the Vaults
 41686 | Vaults:5 | Reached XP level 21. HP: 131/188 MP: 21/21
 41738 | Vaults:5 | Reached skill level 22 in Fighting
 41909 | Vaults:5 | Identified the +6 morningstar of the Gloaming {pain, rN++
                  | Will+ Dex-4 SInv}
 42044 | Vaults:5 | Noticed a golden dragon
 42058 | Vaults:5 | Killed a golden dragon
 42079 | Vaults:5 | Noticed a golden dragon
 42079 | Vaults:5 | Noticed a golden dragon
 42081 | Vaults:5 | Killed a golden dragon
 42082 | Vaults:5 | Killed a golden dragon
 42111 | Vaults:5 | Identified the amulet of Fahiats {Acrobat rF+ Str-4 Dex+3
                  | Stlth+}
 42175 | Vaults:5 | Identified the +2 robe "Qihueb" {rPois rF+ Will+}
 42751 | Vaults:5 | Noticed a golden dragon
 42775 | Vaults:5 | Killed a golden dragon
 42972 | Vaults:5 | Got a silver rune of Zot
 44222 | Depths:1 | Reached skill level 23 in Fighting
 44269 | Depths:1 | Found a runed translucent door.
 44276 | Depths:1 | Found a runed translucent door.
 44279 | Depths:1 | Noticed a dread lich
 44280 | Depths:1 | Noticed Tiaserch's ghost (veteran HOFi)
 44789 | Depths:1 | Found a one-way gate to the infinite horrors of the Abyss.
 44898 | Depths:1 | Found a gateway to Hell.
 45335 | Depths:2 | Gained mutation: You are robust. (+10% HP) [demonic
                  | ancestry]
 45335 | Depths:2 | Reached XP level 22. HP: 72/220 MP: 22/22
 45413 | Depths:2 | Noticed a caustic shrike
 45431 | Depths:2 | Killed a caustic shrike
 45681 | Depths:2 | Found a one-way gate leading to the halls of Pandemonium.
 45721 | Depths:2 | Reached skill level 24 in Fighting
 45871 | Depths:2 | Identified the +0 ring mail "Nacy" {Regen+ rCorr}
 45880 | Depths:2 | Identified the +1 robe "Tuafoitt" {rCorr Stlth+}
 45985 | Depths:2 | Acquired 694 gold pieces
 46332 | Depths:3 | Found a faded altar of an unknown god.
 46487 | Depths:3 | Identified the +0 pair of boots "Tikaciqu" {rC++ rCorr}
 46653 | Depths:3 | Noticed a juggernaut
 46666 | Depths:3 | Killed a juggernaut
 47111 | Depths:4 | Entered Level 4 of the Depths
 47202 | Depths:4 | Reached skill level 25 in Fighting
 47232 | Depths:4 | Found a one-way gateway to a ziggurat.
 47233 | Depths:4 | Noticed Parghit
 47277 | Depths:4 | Killed Parghit
 47453 | Zig:1    | Entered Level 1 of a ziggurat
 47577 | Zig:2    | Entered Level 2 of a ziggurat
 47577 | Zig:2    | Noticed Usafufin the pandemonium lord
 47619 | Zig:2    | Killed Usafufin the pandemonium lord
 47677 | Zig:2    | Identified the ring of Uwiw {Contam rPois Int+6 SInv}
 47685 | Zig:3    | Entered Level 3 of a ziggurat
 47830 | Zig:4    | Entered Level 4 of a ziggurat
 47872 | Zig:4    | Got the Guidebook on Causimancy
 47885 | Zig:4    | Reached XP level 23. HP: 236/236 MP: 23/23
 47888 | Zig:5    | Entered Level 5 of a ziggurat
 47922 | Zig:5    | Reached skill level 26 in Fighting
 47929 | Zig:6    | Entered Level 6 of a ziggurat
 48063 | Zig:6    | Noticed a dread lich
 48076 | Zig:6    | Paralysed by a dread lich for 3 turns
 48089 | Zig:6    | Killed a dread lich
 48139 | Zig:6    | Got the Precepts of Hurting and Corpses
 48142 | Zig:6    | Gained mutation: You are very robust. (+20% HP) [demonic
                  | ancestry]
 48142 | Zig:6    | Reached XP level 24. HP: 238/270 MP: 23/23
 48147 | Zig:7    | Entered Level 7 of a ziggurat
 48255 | Zig:7    | Reached XP level 25. HP: 278/278 MP: 23/23
 48258 | Zig:7    | Identified the +1 rapier of the Shrinking Gods {heavy,
                  | Stlth+}
 48260 | Zig:7    | Identified the ring of Ascent {Wiz Str+4 Dex+3 Slay-5}
 48305 | Depths:4 | Identified the ring of Icaireug {Ice Contam Int+3 Slay+2}
 48305 | Depths:4 | Noticed Josephina
 48328 | Depths:4 | Killed Josephina
 48562 | Depths:4 | Gained mutation: You frequently emit foul miasma when
                  | damaged in melee. [demonic ancestry]
 48562 | Depths:4 | Reached XP level 26. HP: 254/288 MP: 23/23
 48794 | Depths:4 | Reached skill level 10 in Armour
 48959 | Depths:4 | Identified the +11 great sword "Sutryel" {spect, *Rage
                  | Dex+4}
 49119 | Depths:4 | Found a gate to the Realm of Zot.
 49232 | Zot:1    | Entered Level 1 of the Realm of Zot
 49747 | Zot:5    | Entered Level 5 of the Realm of Zot
 49934 | Zot:5    | Noticed an orb of fire
 49971 | Zot:5    | Noticed an ancient lich
 50053 | Zot:5    | Noticed a dread lich
 50055 | Zot:5    | Noticed an orb of fire
 50057 | Zot:5    | Killed an ancient lich
 50117 | Zot:5    | Noticed an orb of fire
 50119 | Zot:5    | Noticed an orb of fire
 50119 | Zot:5    | Noticed an orb of fire
 50120 | Zot:5    | Noticed a dread lich
 50120 | Zot:5    | Noticed an ancient lich
 50122 | Zot:5    | Noticed an ancient lich
 50131 | Zot:5    | Killed an orb of fire
 50138 | Zot:5    | Killed an ancient lich
 50139 | Zot:5    | Reached skill level 15 in Armour
 50142 | Zot:5    | Killed an ancient lich
 50146 | Zot:5    | Killed a dread lich
 50225 | Zot:5    | Gained mutation: Armour fits poorly on your strangely
                  | shaped body. [an orb of fire]
 50236 | Zot:5    | Killed an orb of fire
 50238 | Zot:5    | Gained mutation: Your body sometimes deteriorates upon
                  | taking damage. [an orb of fire]
 50250 | Zot:5    | Killed an orb of fire
 50257 | Zot:5    | Lost mutation: Armour fits poorly on your strangely shaped
                  | body. [potion of mutation]
 50257 | Zot:5    | Lost mutation: Your body sometimes deteriorates upon taking
                  | damage. [potion of mutation]
 50257 | Zot:5    | Gained mutation: You occasionally shout uncontrollably at
                  | your foes. [potion of mutation]
 50359 | Zot:5    | Got the Orb of Zot
 50408 | Zot:4    | Noticed Pidosa the pandemonium lord
 50416 | Zot:4    | Gained mutation: You have hidden genetic defects. [a
                  | cacodemon]
 50421 | Zot:4    | Lost mutation: You have hidden genetic defects. [a
                  | cacodemon]
 50649 | Depths:4 | Gained mutation: You are extremely robust. (+30% HP)
                  | [demonic ancestry]
 50649 | Depths:4 | Reached XP level 27. HP: 187/321 MP: 23/23
 51132 | D:$      | Escaped with the Orb!

Illustrated notes

Levels and vault maps discovered:
D:1:      minmay_arrival_three_doors, layout_basic, wad_floor_pattern_untrapped
D:2:      layout_basic
D:3:      layout_loops_cross, minmay_misc_feat_tower,
          minmay_fractal_squares_diagonal_5
D:4:      layout_rooms, nicolae_gozag_seed_capital, temple_pool_b, serial_shops,
          kennysheep_mini, gammafunk_ghost_mausoleum,
          amcnicky_mini_rare_corridor_liquid
D:5:      layout_loops_ring, mainiacjoe_overflow_small_starburst,
          portal_sewer_entry_a, uniq_edmund, uniq_pikel, uniq_menkaure
D:6:      layout_basic, old_standard_altar, gammafunk_ghost_arena
D:7:      layout_loops_ring
D:8:      layout_loops_cross, mainiacjoe_overflow_chevrons, uniq_jeremiah,
          uniq_maurice, uniq_maggie
D:9:      layout_cave_pools, nicolae_shop_i_like_big_books
D:10:     layout_stronghold
D:11:     layout_basic, lair_entry_dummy, makhleb_altar_promises_db
D:12:     layout_basic, orc_0_dummy
D:13:     layout_loops_ring
D:14:     layout_gridville, grunt_vaults_entry_tiered, nicolae_uskayaw_suspiria,
          uniq_snorg
D:15:     regret_index_condemned_cage, layout_basic, elyvilon_altar_1,
          nooodl_orcs_dogs
Lair:1:   layout_roguey, serial_forest, infiniplex_forest_end_1,
          infiniplex_forest_lined_room_, infiniplex_forest_lined_room_2,
          infiniplex_forest_lined_room_2, infiniplex_forest_split,
          infiniplex_forest_clump_diagonal, infiniplex_forest_lined_room_2,
          infiniplex_forest_straight_5, gauntlet_entry_generic, special_room
          [special_room_bee], chequers_serial_rivers_small_3, kennysheep_rathole
Lair:2:   layout_long_grid, skrybe_swamp_entry_bodies, basic_altar,
          infiniplex_staircase_pool_2
Lair:3:   layout_small_grid, alex1729_snake_entry_snake, minivault_19,
          minmay_hedge_maze, serial_bayou_shore_b
Lair:4:   layout_loops_ring, infiniplex_staircase_pool
Lair:5:   grunt_lair_end_beastmaster, layout_cave_pods,
          minmay_slime_entry_oklob_open, minmay_lair_oklob_bushes, minivault_27,
          nicolae_lair_liquid_snakes
Swamp:1:  layout_basic_swamp, nicolae_swamp_big_swirl, swamp_pool_1_2,
          nicolae_swamp_snake_nest, uniq_louise
Swamp:2:  layout_basic_swamp, evilmike_swamp_ruin_house_1, uniq_donald
Swamp:3:  layout_basic_swamp, gammafunk_ghost_grave, evilmike_swamp_ruin_house_6
Swamp:4:  swamp_pestilence, layout_basic_swamp, ebering_ghost_funeral_grove
Snake:1:  layout_rooms, serial_shops, shop, lemuel_fruit_tree,
          serial_bayou_shore_a
Snake:2:  gammafunk_sealed_library, layout_rooms, ebering_ghost_xom, basic_altar
Snake:3:  layout_basic, basic_altar, serial_shops,
          nicolae_shop_competitors_out_of_business, uniq_vashnia
Snake:4:  hellmonk_snake_rune_quicksilver_temple, layout_onion_interference,
          serial_shops, nicolae_shop_real_fake_doors, st_stairs_5, uniq_aizul
Orc:1:    layout_diamond_mine, basic_altar, nicolae_orc_rich_vein, uniq_nergalle
Orc:2:    pubby_orc_utopia, uniq_saint_roka
Elf:1:    layout_geoelf_octagon, kennysheep_underground_church, uniq_asterion
Elf:2:    elven_hall_of_blades_hangedman_original [grunt_blade_entry_basic],
          layout_geoelf_grid, serial_shops, shop, nicolae_custom_books,
          lemuel_upstairs_altar
Elf:3:    elf_hall, layout_loops_cross
Vaults:1: nicolae_vaults_closet_pinwheel_5,
          nicolae_vaults_shipping_containers_5, nicolae_vaults_tetromino_Z_1,
          nicolae_vaults_layer_cake_slice, layout_vaults_omnigrid, uniq_zenata
Vaults:2: nicolae_vaults_twisting_passages, v_misc_29, v_misc_5,
          nicolae_vaults_taking_the_gang_shopping, v_misc_30, vaults_room_fours,
          vaults_room_hallway, vaults_room_semicircle,
          nicolae_vaults_circle_grid_b, nicolae_vaults_apartment_2,
          vaults_dpeg_diagonal, nicolae_vaults_loss_of_containment,
          v_alt_pattern_4, ontoclasm_vaults_pinch, ontoclasm_vaults_ligature,
          layout_vaults_omnicross, serial_shops, nicolae_shop_hallway_stairs
Vaults:3: minmay_crypt_entry_simple_walls, nicolae_vaults_security_offices_3,
          v_misc_22, nicolae_vaults_house_1, nicolae_vaults_heart-shaped_vault,
          hangedman_vaults_maws, grunt_vaults_trifunnel,
          nicolae_vaults_double_plus_1, v_misc_2, nicolae_vaults_tangram_1,
          nicolae_vaults_tangram_1, vaults_room_pools, nicolae_vaults_network_s,
          nicolae_vaults_network_square, v_misc_17, grunt_vaults_hallway_short,
          nicolae_vaults_back_hallway, layout_vaults_maze_snakey, uniq_frederick
Vaults:4: nicolae_vaults_trapezoid_layered, kennysheep_ogre_elephant_herders,
          nicolae_vaults_asterisk, vaults_room_grid, nicolae_vaults_theta,
          v_misc_25, vaults_mumra_hex, nicolae_vaults_steering_wheel, v_misc_12,
          hangedman_vaults_maws, vaults_room_corners,
          nicolae_vaults_tetromino_T_1, layout_vaults_ring, serial_shops,
          nicolae_lakefront_shop, uniq_margery
Vaults:5: serial_shops
Depths:1: layout_basic, hangedman_geh_valley, abyss_entry,
          muffindrake_ghost_dual_entry, hex_intersection,
          minmay_misc_feat_ornament, kennysheep_generic_room_6
Depths:2: hangedman_arch_fort, layout_gridlike, hell_entry, pan_entry,
          infiniplex_staircase_star
Depths:3: minmay_distorted_concentric_squares, layout_cave_pools,
          chequers_serial_rivers_small_3, grunt_pan_entry_zigzag, hell_entry,
          serial_column_ruins, column_ruins_portal_astroid,
          column_ruins_temple_hut, column_ruins_grid_1, column_ruins_grid_2,
          column_ruins_grid_1, column_ruins_corridor_corner, abyss_entry,
          minmay_misc_feat_four_crosses, abandoned_shop, drop_trap,
          firewood_loft
Depths:4: lemuel_castle_with_subvaults [lemuel_castle_interior_carwin_1],
          layout_basic, enter_ziggurat_c,
          nicolae_abyss_entry_one_way_or_another, lemuel_coloured_pillars_altar,
          grunt_mini_vestibule, minmay_alternating_orb, uniq_josephina,
          uniq_parghit
Zot:1:    hellmonk_paralyzer, layout_basic
Zot:2:    layout_twisted_circle, nicolae_lava_and_water,
          hangedman_elemental_grid_stream
Zot:3:    layout_basic, regret_index_zotdec_plus
Zot:4:    layout_twisted_circle, gammafunk_ghost_cemetery
Zot:5:    layout_misc_corridors, regret_index_zotdec_stipple_waver

Skill      XL: |  1  2  3  4  5  6  7  8  9 10 11 12 13 14 15 16 17 18 19 20 21 22 23 24 25 26 |
---------------+-------------------------------------------------------------------------------+-----
Unarmed Combat | 1 2 3 4 5 6 7 9 11 13 14 16 17 19 20 21 23 24 | 24.2
Fighting       | 2 4 6 7 9 11 12 13 14 16 18 20 21 23 25 26 | 26.9
Shields        | 9 14 17 | 17.0
Armour         | 7 8 9 16 | 16.6
Dodging        | |  0.8
Stealth        | |  0.8
Evocations     | |  3.0

Action                     |  1- 3 |  4- 6 |  7- 9 | 10-12 | 13-15 | 16-18 | 19-21 | 22-24 | 25-27 || total
---------------------------+-------+-------+-------+-------+-------+-------+-------+-------+-------++-------
  Melee: Unarmed           |   162 |   139 |   252 |   626 |  1520 |  1604 |  1549 |   583 |   548 ||  6983
         Punch             |     2 |     7 |    12 |    53 |     3 |       |       |       |       ||    77
  Throw: Dart              |       |       |     1 |     4 |       |       |       |       |       ||     5
         Throwing net      |       |       |       |     4 |       |     1 |     1 |       |       ||     6
 Invoke: Call Merchant     |       |       |       |     1 |     2 |     2 |     1 |       |       ||     6
         Potion Petition   |       |       |       |       |     2 |       |     1 |     5 |       ||     8
         Bribe Branch      |       |       |       |       |       |       |     1 |       |     2 ||     3
  Evoke: Wand              |     5 |    15 |    31 |    36 |     9 |    10 |     7 |     1 |       ||   114
         Condenser vane    |       |       |       |       |     2 |     3 |     1 |       |       ||     6
         Sack of spiders   |       |       |       |       |     2 |     3 |     2 |     1 |       ||     8
         Lightning rod     |       |       |       |       |     5 |    13 |     9 |       |       ||    27
         Phantom mirror    |       |       |       |       |     1 |     5 |     1 |     1 |       ||     8
         Phial of floods   |       |       |       |       |       |     2 |     1 |       |       ||     3
    Use: Scroll            |       |    10 |     3 |    19 |    22 |    26 |    15 |    10 |     8 ||   113
         Potion            |       |       |       |     1 |    18 |    12 |     6 |     8 |     3 ||    48
   Stab: Sleeping          |     2 |     4 |     1 |       |       |       |       |       |       ||     7
         Distracted        |       |     1 |     2 |     7 |    10 |     4 |    10 |     3 |     6 ||    43
         Held in net/web   |       |       |       |     2 |       |       |       |       |       ||     2
         Invisible         |       |       |       |       |     8 |       |       |       |       ||     8
 Armour: Leather armour    |    91 |    70 |   134 |   293 |       |       |       |       |       ||   588
         Skin              |       |       |       |     8 |     6 |     3 |       |     6 |       ||    23
         Swamp dragon scal |       |       |       |   206 |   911 |  1004 |   900 |   137 |       ||  3158
         Gold dragon scale |       |       |       |       |       |       |       |   158 |   376 ||   534
  Dodge: Dodged            |    78 |    46 |    98 |   251 |   359 |   343 |   318 |    94 |    53 ||  1640
  Block: Kite shield       |       |       |       |       |   920 |   990 |   799 |   365 |   254 ||  3328
         Buckler           |       |       |       |       |       |    41 |       |       |       ||    41
         Reflection        |       |       |       |       |       |    13 |    57 |     5 |     2 ||    77

Table legend: (Time is in decaauts)
 A = Elapsed time spent in this place.
 B = Non-inter-level travel time spent in this place.
 C = Inter-level travel time spent in this place.
 D = Time resting spent in this place.
 E = Time spent auto-exploring this place.
 F = Levels seen in this place.
 G = Mean time per level.
                   A        B        C        D        E       F      G
               +--------+--------+--------+--------+--------+-----+--------+
         Total |  49430 |  43954 |   5476 |   2609 |  29687 |  56 |  882.7 |
       Dungeon |  14997 |  13195 |   1802 |    605 |   9496 |  15 |  999.8 |
          Lair |   5418 |   4750 |    668 |    336 |   3340 |   5 | 1083.6 |
         Swamp |   3721 |   3572 |    149 |    142 |   2467 |   4 |  930.2 |
     Snake Pit |   3479 |   2962 |    517 |    344 |   1625 |   4 |  869.8 |
  Orcish Mines |   2964 |   2722 |    242 |     94 |   1786 |   2 | 1482.0 |
   Elven Halls |   3555 |   2955 |    600 |    391 |   1618 |   3 | 1185.0 |
        Vaults |   8552 |   8066 |    486 |    251 |   6098 |   5 | 1710.4 |
        Depths |   4290 |   3871 |    419 |    155 |   2532 |   4 | 1072.5 |
           Zot |   1205 |    614 |    591 |     63 |    183 |   5 |  241.0 |
      Ziggurat |    714 |    714 |      0 |    214 |    197 |   7 |  102.0 |
         Sewer |    238 |    238 |      0 |      0 |    165 |   1 |  238.0 |
      Gauntlet |    292 |    292 |      0 |     12 |    176 |   1 |  292.0 |
               +--------+--------+--------+--------+--------+-----+--------+

Top non-repeatable levels by time:
   Orc:2: 2571 daAuts
    D:15: 2168 daAuts
Vaults:5: 2050 daAuts
Vaults:2: 1795 daAuts
    D:11: 1749 daAuts
Vaults:4: 1719 daAuts
   Elf:3: 1531 daAuts
Vaults:3: 1497 daAuts
Vaults:1: 1490 daAuts
  Lair:5: 1457 daAuts
    D:14: 1384 daAuts
    D:12: 1328 daAuts
Depths:4: 1277 daAuts
  Lair:3: 1257 daAuts
Depths:1: 1235 daAuts
